TOP OF THE 1ST |
Spokane Indians batting - Pitching for Idaho Falls Chukars : RHP Howie Seidler
|
Pitching: RHP Howie Seidler
|
|
Batting: LHB Jose Baez
|
0-0: Swinging Strike 0-1: Ball 1-1: Swinging Strike 1-2: Ball 2-2: Ball 3-2: Base on Balls
|
Batting: LHB Alfonso Collazo
|
0-0: Ball Jose Baez is caught stealing 2nd base 2-6 1-0: Ball 2-0: Foul Ball, location: 2F 2-1: Called Strike 2-2: Foul Ball, location: 2F 2-2: Foul Ball, location: 2F 2-2: Ball 3-2: SINGLE (Groundball, 56D, EV 102.5 MPH)
|
Batting: LHB Yat-sen Zhu
|
0-0: Called Strike 0-1: SINGLE (Groundball, 34D, EV 95.6 MPH) Alfonso Collazo to second Runner from 2nd tries for 3rd, SAFE, throw by RF made to third Yat-sen Zhu to second
|
Batting: LHB Antonio Domingues
|
0-0: SINGLE (Line Drive, 8LS, EV 97.5 MPH) Alfonso Collazo scores Yat-sen Zhu to third
|
Batting: RHB Gavin Fimple
|
0-0: Ball Antonio Domingues is caught stealing 2nd base 2-4 1-0: Hit by Pitch
|
Pitching: RHP Philip Terrell
|
|
Batting: RHB Salvador Caldera
|
0-0: Ball 1-0: Foul Ball, location: 2F 1-1: Foul Ball, location: 2F 1-2: Ball 2-2: Foul Ball, location: 2F 2-2: Foul Ball, location: 2F 2-2: Ground out 6-3 (Groundball, 6, EV 82.5 MPH)
|
Top of the 1st over - 1 run, 3 hits, 0 errors, 2 left on base; Spokane 1 - Idaho Falls 0 |
BOTTOM OF THE 1ST |
Idaho Falls Chukars batting - Pitching for Spokane Indians : RHP Masataka Kawai
|
Pitching: RHP Masataka Kawai
|
|
Batting: LHB John Wagner
|
0-0: Swinging Strike 0-1: Ball 1-1: Ball 2-1: SINGLE (Groundball, 4MD, EV 104.4 MPH)
|
Batting: LHB David Bearden
|
0-0: Ball 1-0: SINGLE (Line Drive, 8RS, EV 91.2 MPH) John Wagner to second
|
Batting: RHB Nate De Jongh
|
0-0: Called Strike 0-1: Ball 1-1: Ball 2-1: Ball 3-1: Foul Ball, location: 2F 3-2: Strikes out swinging
|
Batting: SHB Ryoji Hiraoka
|
0-0: Foul Ball, location: 2F 0-1: Swinging Strike 0-2: Strikes out swinging
|
Batting: RHB Edwin Ramos
|
0-0: DOUBLE (Flyball, 89D, EV 94.4 MPH) John Wagner scores David Bearden to third
|
Batting: RHB Justin Goff
|
0-0: Ball 1-0: SINGLE (Groundball, 6MD, EV 93.8 MPH) David Bearden scores Edwin Ramos to third Runner from 3rd tries for Home, SAFE, throw by CF to home Justin Goff to second
|
Batting: RHB Eric Erickson
|
0-0: Ground out 4-3 (Groundball, 4, EV 84.4 MPH)
|
Bottom of the 1st over - 3 runs, 4 hits, 0 errors, 1 left on base; Spokane 1 - Idaho Falls 3 |
TOP OF THE 2ND |
Spokane Indians batting - Pitching for Idaho Falls Chukars : RHP Philip Terrell
|
Batting: RHB Brandon Davis
|
0-0: Called Strike 0-1: Called Strike 0-2: Ball 1-2: Ball 2-2: Ball 3-2: Strikes out looking
|
Batting: SHB Reagan Dudley
|
0-0: Fly out, F7 (Flyball, 7LS, EV 90.6 MPH)
|
Batting: RHB Rafael Medina
|
0-0: Called Strike 0-1: Ground out 4-3 (Groundball, 4, EV 108.1 MPH)
|
Top of the 2nd over - 0 runs, 0 hits, 0 errors, 0 left on base; Spokane 1 - Idaho Falls 3 |
BOTTOM OF THE 2ND |
Idaho Falls Chukars batting - Pitching for Spokane Indians : RHP Masataka Kawai
|
Batting: RHB Ben Minge
|
0-0: Foul Ball, location: 2F 0-1: Ground out 6-3 (Groundball, 6, EV 99.4 MPH)
|
Batting: RHB Timotheus Cooper
|
0-0: Foul Ball, location: 2F 0-1: Ball 1-1: Called Strike 1-2: Ball 2-2: Strikes out looking
|
Batting: LHB John Wagner
|
0-0: Ball 1-0: Ball 2-0: Called Strike 2-1: Fly out, F8 (Flyball, 8RM, EV 95.0 MPH)
|
Bottom of the 2nd over - 0 runs, 0 hits, 0 errors, 0 left on base; Spokane 1 - Idaho Falls 3 |
TOP OF THE 3RD |
Spokane Indians batting - Pitching for Idaho Falls Chukars : RHP Philip Terrell
|
Batting: LHB Jose Baez
|
0-0: Called Strike 0-1: Ball 1-1: Foul Ball, location: 2F 1-2: Strikes out swinging
|
Batting: LHB Alfonso Collazo
|
0-0: Ball 1-0: Called Strike 1-1: Ball 2-1: Ball 3-1: Ground out U3 (Groundball, 34, EV 106.2 MPH)
|
Batting: LHB Yat-sen Zhu
|
0-0: Called Strike 0-1: Ball 1-1: Swinging Strike 1-2: Foul Ball, location: 2F 1-2: Strikes out swinging
|
Top of the 3rd over - 0 runs, 0 hits, 0 errors, 0 left on base; Spokane 1 - Idaho Falls 3 |
BOTTOM OF THE 3RD |
Idaho Falls Chukars batting - Pitching for Spokane Indians : RHP Masataka Kawai
|
Batting: LHB David Bearden
|
0-0: Swinging Strike 0-1: Foul Ball, location: 2F 0-2: Strikes out swinging
|
Batting: RHB Nate De Jongh
|
0-0: Fly out, F7 (Flyball, 7S, EV 78.1 MPH)
|
Batting: SHB Ryoji Hiraoka
|
0-0: Swinging Strike 0-1: Ball 1-1: Foul Ball, location: 2F 1-2: DOUBLE (Groundball, 3L, EV 104.4 MPH)
|
Batting: RHB Edwin Ramos
|
0-0: Ball 1-0: Ball 2-0: Foul Ball, location: 2F 2-1: Foul Ball, location: 2F 2-2: Ball 3-2: Foul Ball, location: 2F 3-2: Foul Ball, location: 2F 3-2: Foul Ball, location: 2F 3-2: Fly out, F9 (Flyball, 9, EV 95.6 MPH)
|
Bottom of the 3rd over - 0 runs, 1 hit, 0 errors, 1 left on base; Spokane 1 - Idaho Falls 3 |
TOP OF THE 4TH |
Spokane Indians batting - Pitching for Idaho Falls Chukars : RHP Philip Terrell
|
Batting: LHB Antonio Domingues
|
0-0: Swinging Strike 0-1: Ball 1-1: Ball 2-1: Called Strike 2-2: Foul Ball, location: 2F 2-2: Fly out, F8 (Flyball, 8RM, EV 78.1 MPH)
|
Batting: RHB Gavin Fimple
|
0-0: Ball 1-0: Called Strike 1-1: Foul Ball, location: 2F 1-2: Ground out 5-3 (Groundball, 56, EV 86.2 MPH)
|
Batting: RHB Salvador Caldera
|
0-0: Fly out, F5 (Flyball, 5D, EV 95.0 MPH)
|
Top of the 4th over - 0 runs, 0 hits, 0 errors, 0 left on base; Spokane 1 - Idaho Falls 3 |
BOTTOM OF THE 4TH |
Idaho Falls Chukars batting - Pitching for Spokane Indians : RHP Masataka Kawai
|
Batting: RHB Justin Goff
|
0-0: Ball 1-0: Ball 2-0: Called Strike 2-1: Fly out, F6 (Popup, 4MD, EV 68.1 MPH)
|
Batting: RHB Eric Erickson
|
0-0: Called Strike 0-1: Ground out 5-3 (Groundball, 56S, EV 79.4 MPH)
|
Batting: RHB Ben Minge
|
0-0: Ball 1-0: Foul Ball, location: 2F 1-1: Ground out 6-3 (Groundball, 6MD, EV 87.5 MPH)
|
Bottom of the 4th over - 0 runs, 0 hits, 0 errors, 0 left on base; Spokane 1 - Idaho Falls 3 |
TOP OF THE 5TH |
Spokane Indians batting - Pitching for Idaho Falls Chukars : RHP Philip Terrell
|
Batting: RHB Brandon Davis
|
0-0: Ball 1-0: Called Strike 1-1: Ball 2-1: Foul Ball, location: 2F 2-2: Strikes out looking
|
Batting: SHB Reagan Dudley
|
0-0: Ball 1-0: Called Strike 1-1: Foul Ball, location: 2F 1-2: Ball 2-2: Fly out, F9 (Flyball, 9S, EV 76.2 MPH)
|
Pinch Hitting: LHB Alex Ramos
|
0-0: Ball 1-0: Foul Ball, location: 2F 1-1: Ball 2-1: Ball 3-1: Ground out 6-3 (Groundball, 4M, EV 87.5 MPH)
|
Top of the 5th over - 0 runs, 0 hits, 0 errors, 0 left on base; Spokane 1 - Idaho Falls 3 |
BOTTOM OF THE 5TH |
Idaho Falls Chukars batting - Pitching for Spokane Indians : RHP Masataka Kawai
|
Now at 2B: Alex Ramos
|
|
Batting: RHB Timotheus Cooper
|
0-0: Swinging Strike 0-1: Foul Ball, location: 2F 0-2: Foul Ball, location: 2F 0-2: Foul Ball, location: 2F 0-2: Strikes out swinging
|
Batting: LHB John Wagner
|
0-0: Ball 1-0: Ball 2-0: Called Strike 2-1: Ball 3-1: Called Strike 3-2: Foul Ball, location: 2F 3-2: Base on Balls
|
Batting: LHB David Bearden
|
|
DELAY
|
Rain delay of 47 minutes in the 5th inning. 0-0: Ball 1-0: Fly out, F7 (Flyball, 7D, EV 105.6 MPH)
|
Batting: RHB Nate De Jongh
|
0-0: Called Strike John Wagner is caught stealing 2nd base 2-4
|
Bottom of the 5th over - 0 runs, 0 hits, 0 errors, 0 left on base; Spokane 1 - Idaho Falls 3 |
TOP OF THE 6TH |
Spokane Indians batting - Pitching for Idaho Falls Chukars : RHP Philip Terrell
|
Pitching: RHP Bryan Kiefer
|
|
Batting: LHB Jose Baez
|
0-0: Foul Ball, location: 2F 0-1: Ground out U3 (Groundball, 3L, EV 81.2 MPH)
|
Batting: LHB Alfonso Collazo
|
0-0: Ball 1-0: Foul Ball, location: 2F 1-1: Ball 2-1: Called Strike 2-2: Foul Ball, location: 2F 2-2: Fly out, F7 (Flyball, 78D, EV 106.2 MPH)
|
Batting: LHB Yat-sen Zhu
|
0-0: Foul Ball, location: 2F 0-1: Ground out 4-3 (Groundball, 4, EV 100.0 MPH)
|
Top of the 6th over - 0 runs, 0 hits, 0 errors, 0 left on base; Spokane 1 - Idaho Falls 3 |
BOTTOM OF THE 6TH |
Idaho Falls Chukars batting - Pitching for Spokane Indians : RHP Masataka Kawai
|
Batting: RHB Nate De Jongh
|
0-0: Called Strike 0-1: Ground out U3 (Groundball, 34S, EV 83.8 MPH)
|
Batting: SHB Ryoji Hiraoka
|
0-0: Called Strike 0-1: Swinging Strike 0-2: Strikes out swinging
|
Batting: RHB Edwin Ramos
|
0-0: Called Strike 0-1: Ball 1-1: Ball 2-1: TRIPLE (Flyball, 89XD, EV 96.9 MPH)
|
Batting: RHB Justin Goff
|
0-0: Ball 1-0: Ball 2-0: Called Strike 2-1: Ball 3-1: Foul Ball, location: 2F 3-2: Fly out, F9 (Line Drive, 9S, EV 89.4 MPH)
|
Bottom of the 6th over - 0 runs, 1 hit, 0 errors, 1 left on base; Spokane 1 - Idaho Falls 3 |
TOP OF THE 7TH |
Spokane Indians batting - Pitching for Idaho Falls Chukars : RHP Bryan Kiefer
|
Batting: LHB Antonio Domingues
|
0-0: Ball 1-0: Called Strike 1-1: Foul Ball, location: 2F 1-2: SINGLE (Groundball, 6MD, EV 100.6 MPH)
|
Pinch Hitting: LHB Ben Radach
|
0-0: Ball Antonio Domingues steals 2nd, throwing error, E2 Antonio Domingues to third 1-0: Ball 2-0: Called Strike 2-1: Ball 3-1: Base on Balls
|
Batting: RHB Salvador Caldera
|
0-0: Called Strike 0-1: SINGLE (Line Drive, 56, EV 99.4 MPH) Antonio Domingues scores Ben Radach to second
|
Batting: RHB Brandon Davis
|
0-0: Bunted foul 0-1: Sac Bunt to 25 - play at first, batter OUT! 5-4 Ben Radach to third Salvador Caldera to second
|
Pinch Hitting: LHB Gabriel Graves
|
0-0: Ball 1-0: Foul Ball, location: 2F 1-1: Ball Wild Pitch! Ben Radach scores Salvador Caldera to third 2-1: Foul Ball, location: 2F 2-2: TRIPLE (Flyball, 3D, EV 91.2 MPH) Salvador Caldera scores
|
Batting: LHB Alex Ramos
|
0-0: Intentional Walk
|
Batting: LHB Jose Baez
|
0-0: Called Strike Alex Ramos steals 2nd base 0-1: Ball 1-1: Called Strike 1-2: Ball 2-2: SINGLE (Groundball, 34, EV 94.4 MPH) Gabriel Graves scores Alex Ramos to third
|
Pitching: RHP Gary Ackerman
|
|
Batting: LHB Alfonso Collazo
|
0-0: Called Strike 0-1: Ball Jose Baez steals 2nd base 1-1: Foul Ball, location: 2F 1-2: SINGLE (Line Drive, 6M, EV 103.8 MPH) Alex Ramos scores Jose Baez to third Runner from 3rd tries for Home, SAFE, throw by CF to home
|
Batting: LHB Yat-sen Zhu
|
0-0: Ball 1-0: Ball 2-0: Ball 3-0: Called Strike 3-1: Foul Ball, location: 2F 3-2: SINGLE (Groundball, 4D, EV 101.9 MPH) Alfonso Collazo to second Runner from 2nd tries for 3rd, SAFE, throw by CF made to third
|
Batting: LHB Antonio Domingues
|
0-0: Called Strike Yat-sen Zhu steals 2nd base 0-1: Called Strike 0-2: Foul Ball, location: 2F 0-2: SINGLE (Flyball, 56D, EV 86.9 MPH) Alfonso Collazo scores Yat-sen Zhu to third Runner from 3rd tries for Home, SAFE, throw by LF to home
|
Batting: LHB Ben Radach
|
0-0: Ball Antonio Domingues steals 2nd base 1-0: Ball Antonio Domingues steals 3rd base 2-0: Ball 3-0: Called Strike 3-1: Foul Ball, location: 2F 3-2: Ground out 4-3 (Groundball, 4, EV 101.2 MPH) Antonio Domingues scores
|
Batting: RHB Salvador Caldera
|
0-0: Called Strike 0-1: Ball 1-1: Fly out, F4 (Flyball, 4D, EV 92.5 MPH)
|
Top of the 7th over - 9 runs, 7 hits, 1 error, 0 left on base; Spokane 10 - Idaho Falls 3 |
BOTTOM OF THE 7TH |
Idaho Falls Chukars batting - Pitching for Spokane Indians : RHP Masataka Kawai
|
Now at C: David Reyna
|
|
Now at 1B: Tony Mendez
|
|
Now at SS: Gabriel Graves
|
|
Pinch Hitting: LHB Josh Dalton
|
0-0: Ball 1-0: Ball 2-0: Ball 3-0: Base on Balls
|
Batting: RHB Ben Minge
|
0-0: Foul Ball, location: 2F 0-1: Swinging Strike 0-2: Strikes out swinging
|
Batting: RHB Timotheus Cooper
|
0-0: Ball 1-0: Foul Ball, location: 2F 1-1: Foul Ball, location: 2F 1-2: Ball 2-2: Strikes out swinging
|
Pitching: LHP Tim McConnel
|
|
Pinch Hitting: LHB Joe Cozart
|
0-0: Called Strike 0-1: Called Strike 0-2: Foul Ball, location: 2F 0-2: SINGLE (Groundball, 6S, EV 63.1 MPH) (infield hit) Josh Dalton to second
|
Pinch Hitting: RHB Adam Krieger
|
0-0: Ground out 1-3 (Groundball, 15S, EV 66.9 MPH)
|
Bottom of the 7th over - 0 runs, 1 hit, 0 errors, 2 left on base; Spokane 10 - Idaho Falls 3 |
TOP OF THE 8TH |
Spokane Indians batting - Pitching for Idaho Falls Chukars : RHP Gary Ackerman
|
Now in LF: Randy Stapleton
|
|
Now in CF: Chad Sullivan
|
|
Now in RF: Josh Dalton
|
|
Pinch Hitting: LHB Adrian Chavez
|
0-0: Called Strike 0-1: Ball 1-1: Ball 2-1: Called Strike 2-2: Ball 3-2: Base on Balls
|
Pinch Hitting: RHB Jerry Garcez
|
0-0: Called Strike 0-1: Ball Wild Pitch! Adrian Chavez to second 1-1: Ball 2-1: Ball 3-1: Base on Balls
|
Batting: LHB Alex Ramos
|
0-0: Called Strike 0-1: Ball 1-1: Ball 2-1: Foul Ball, location: 2F 2-2: Foul Ball, location: 2F 2-2: Fly out, F9 (Flyball, 9D, EV 88.8 MPH) Runner from 2nd tags up, SAFE at 3rd, no throw by RF
|
Batting: LHB Jose Baez
|
0-0: Ball 1-0: Ball 2-0: Called Strike 2-1: Foul Ball, location: 2F 2-2: Ball 3-2: Foul Ball, location: 2F 3-2: Foul Ball, location: 2F 3-2: Foul Ball, location: 2F 3-2: Strikes out swinging
|
Batting: LHB Alfonso Collazo
|
0-0: Ball Wild Pitch! Adrian Chavez scores Jerry Garcez to second 1-0: Ball 2-0: Ball 3-0: Fly out, F7 (Line Drive, 7D, EV 87.5 MPH)
|
Top of the 8th over - 1 run, 0 hits, 0 errors, 1 left on base; Spokane 11 - Idaho Falls 3 |
BOTTOM OF THE 8TH |
Idaho Falls Chukars batting - Pitching for Spokane Indians : LHP Tim McConnel
|
Now at 2B: Knud Prins
|
|
Now at SS: Jerry Garcez
|
|
Now in LF: Alex Ramos
|
|
Batting: RHB Nate De Jongh
|
0-0: Swinging Strike 0-1: Swinging Strike 0-2: Ball 1-2: Strikes out swinging
|
Batting: SHB Ryoji Hiraoka
|
0-0: Called Strike 0-1: Ball 1-1: Ball 2-1: Foul Ball, location: 2F 2-2: Foul Ball, location: 2F 2-2: Strikes out swinging
|
Batting: RHB Edwin Ramos
|
0-0: Foul Ball, location: 2F 0-1: Swinging Strike 0-2: Strikes out looking
|
Bottom of the 8th over - 0 runs, 0 hits, 0 errors, 0 left on base; Spokane 11 - Idaho Falls 3 |
TOP OF THE 9TH |
Spokane Indians batting - Pitching for Idaho Falls Chukars : RHP Gary Ackerman
|
Pitching: RHP Matt Slater
|
|
Pinch Hitting: RHB Jose Guerrero
|
0-0: Called Strike 0-1: Foul Ball, location: 2F 0-2: Ball 1-2: Ball 2-2: Ball 3-2: Strikes out swinging
|
Pinch Hitting: RHB Robby Adair
|
0-0: Ball 1-0: Ball 2-0: Swinging Strike 2-1: Called Strike 2-2: Ball 3-2: Strikes out swinging
|
Pinch Hitting: LHB William Hanley
|
0-0: Ball 1-0: Ball 2-0: Swinging Strike 2-1: Called Strike 2-2: Ball 3-2: Base on Balls
|
Pitching: RHP Mike Tuck
|
|
Batting: RHB Salvador Caldera
|
0-0: Foul Ball, location: 2F Balk! William Hanley to second 0-1: Ball 1-1: Ball 2-1: Ball 3-1: DOUBLE (Line Drive, 8LXD, EV 102.5 MPH) William Hanley scores
|
Pinch Hitting: LHB Takeo Nishiguchi
|
0-0: Ball 1-0: Swinging Strike 1-1: Ball 2-1: Foul Ball, location: 2F 2-2: Strikes out swinging
|
Top of the 9th over - 1 run, 1 hit, 0 errors, 1 left on base; Spokane 12 - Idaho Falls 3 |
BOTTOM OF THE 9TH |
Idaho Falls Chukars batting - Pitching for Spokane Indians : LHP Tim McConnel
|
Now at C: Bill O'Neal
|
|
Now at 1B: Alex Ramos
|
|
Now at 2B: Jerry Garcez
|
|
Now at 3B: Takeo Nishiguchi
|
|
Now at SS: Jose Guerrero
|
|
Now in LF: William Hanley
|
|
Batting: RHB Justin Goff
|
0-0: Ball 1-0: Ball 2-0: Foul Ball, location: 2F 2-1: Foul Ball, location: 2F 2-2: SOLO HOME RUN (Flyball, 89XD, EV 97.5 MPH), Distance : 390 ft
|
Batting: LHB Josh Dalton
|
0-0: Foul Ball, location: 2F 0-1: Ball 1-1: Ball 2-1: Swinging Strike 2-2: Ball 3-2: Foul Ball, location: 2F 3-2: Base on Balls
|
Batting: RHB Ben Minge
|
0-0: Ball 1-0: Ball 2-0: Foul Ball, location: 2F 2-1: Ball 3-1: Foul Ball, location: 2F 3-2: Grounds into double play, 5-4-3 (Groundball, 56, EV 88.1 MPH)
|
Batting: RHB Timotheus Cooper
|
0-0: Called Strike 0-1: Ball 1-1: Ball 2-1: Ball 3-1: Called Strike 3-2: Ground out 6-3 (Groundball, 56, EV 96.9 MPH)
|
Bottom of the 9th over - 1 run, 1 hit, 0 errors, 0 left on base; Spokane 12 - Idaho Falls 4 |
|